 Dungeon Crawl Stone Soup version 0.22-a0-455-ga0624bf62c (webtiles) character file.

7445 Kriby the Spear-Bearer (level 11, -4/72 HPs)
             Began as a Merfolk Skald on June 5, 2018.
             Was a Priest of Qazlal.
             Killed from afar by an electric eel (12 damage)
             ... with a bolt of electricity
             ... on level 11 of the Dungeon.
             The game lasted 00:15:40 (11494 turns).

Kriby the Spear-Bearer (Merfolk Skald)             Turns: 11494, Time: 00:15:41

Health: -4/72      AC: 24    Str: 15    XL:     11   Next: 15%
Magic:  15/15      EV:  9    Int: 12    God:    Qazlal [***...]
Gold:   767        SH: 19    Dex: 11    Spells: 13/14 levels left

rFire    + . .     SeeInvis .   k - +1 trident (freeze)
rCold    . . .     Gourm    .   h - +0 large shield {AC+3}
rNeg     + + .     Faith    .   o - +4 chain mail {rPois}
rPois    +         Spirit   .   (no helmet)
rElec    .         Reflect  .   i - +0 cloak
rCorr    .         Harm     .   g - +4 pair of gloves of Negation {+Blink rF+ rN++ Dex-3}
MR       .....                  s - +0 pair of boots
Stlth    ..........             (no amulet)
HPRegen  0.22/turn              p - +1 ring of protection
MPRegen  0.14/turn              v - +2 ring of evasion

@: no status effects
A: change form in water, swift swim, stealthy swim
a: Upheaval, Elemental Force, Renounce Religion, Evoke Blink


You were on level 11 of the Dungeon.
You worshipped Qazlal.
Qazlal was most pleased with you.
You were hungry.

You visited 1 branch of the dungeon, and saw 11 of its levels.
You also visited: Bailey.

You collected 1166 gold pieces.
You spent 399 gold pieces at shops.

Inventory:

Hand Weapons
 k - a +1 trident of freezing (weapon)
Missiles
 u - a throwing net (quivered)
 y - 46 tomahawks of returning
Armour
 b - a +0 leather armour
 f - a +1 ring mail
 g - the +4 pair of gloves of Negation (worn) {+Blink rF+ rN++ Dex-3}
   (You found it in a bailey)

   It affects your dexterity (-3).
   It protects you from fire.
   It greatly protects you from negative energy.
   It lets you blink.
 h - a +0 large shield of protection (worn)
 i - a +0 cloak (worn)
 m - a +0 plate armour
 o - a +4 chain mail of poison resistance (worn)
 s - a +0 pair of boots (worn)
 A - a +0 troll leather armour
Jewellery
 p - a +1 ring of protection (left hand)
 q - a +3 ring of dexterity
 v - a +2 ring of evasion (right hand)
Wands
 t - a wand of paralysis (8)
Scrolls
 c - 7 scrolls of magic mapping
 e - 7 scrolls of identify {@r1}
 j - 5 scrolls of remove curse {@r2}
 n - 6 scrolls of teleportation {@r3}
 r - 2 scrolls of enchant armour
 w - a scroll of silence
Potions
 a - 5 potions of flight
 l - a potion of cancellation
Comestibles
 d - 27 rations {@e1}
 z - 3 chunks of flesh


   Skills:
 - Level 2.1 Fighting
 + Level 13.8 Polearms
 * Level 2.5 Armour
 + Level 11.6 Dodging
 * Level 7.8 Shields
 - Level 2.0 Spellcasting
 - Level 3.2 Charms
 + Level 6.3 Invocations


You had 13 spell levels left.
You knew the following spells:

 Your Spells              Type           Power        Failure   Level  Hunger
a - Infusion              Chrm           #...         100%        1    ##.....

Your spell library contained the following spells:

 Spells                   Type           Power        Failure   Level  Hunger
 Regeneration             Chrm/Necr      #.........   100%        3    ####...
 Shroud of Golubria       Chrm/Tloc      #.........   100%        2    ###....
 Song of Slaying          Chrm           #.......     100%        2    ###....
 Spectral Weapon          Hex/Chrm       #.......     100%        3    ####...


Dungeon Overview and Level Annotations

Branches:
Dungeon (12/15)            Temple (0/1) D:6            Lair (0/6) D:8
    Orc: D:9-12

Altars:
Qazlal

Shops:
D:9 [

Annotations:
D:11 Erolcha


Message History

You hear a croak.
Erolcha casts a spell.
Erolcha seems to speed up.
Your surroundings suddenly seem different.
You hear a croak.
A bullfrog comes into view.
A shadow comes into view.
The shadow slips into darkness.
The shadow flickers and vanishes!
Deactivating autopickup; reactivate with Ctrl-A.
An electric eel comes into view.
The electric eel shoots out a bolt of lightning at you!
The bolt of electricity hits you!
* * * LOW HITPOINT WARNING * * *
The bolt of electricity hits you!
The bolt of electricity hits the electric eel.
The electric eel completely resists.
Found a stone staircase leading down and a stone staircase leading up.
The electric eel shoots out a bolt of lightning at you!
The bolt of electricity hits you!
You die...

#.# #.# #.#
## #.#
...## #.#
≈≈...# #.#
≈≈≈≈..###.#
#≈≈≈≈...#@#
#.§.#
#.≈≈;.###
#8.≈F≈#
+..>≈≈#
+..<≈≈#
#8.≈{≈#
#.≈≈≈##
8≈≈≈.


You could see a bullfrog and an electric eel.

Vanquished Creatures
  The ghost of htuhola the Impaler, a journeyman DDFi of Gozag (D:12)
  2 two-headed ogres (D:8)
  The ghost of htuhola the Arsonist, a novice DEFE of Vehumet (D:8)
  The ghost of whodunnit the Slasher, a novice DrCK of Xom (D:6)
  An ugly thing (D:12)
  A komodo dragon (D:8)
  A troll (D:12)
  2 hippogriffs (D:8)
  A spriggan (D:7)
  Menkaure (D:4)
  A hungry ghost (D:8)
  3 orc warriors (Bailey)
  An ice beast (D:9)
  3 ogres
  2 sky beasts
  An eye of draining (D:12)
  A crocodile (D:12)
  A centaur (D:6)
  A big kobold (D:8)
  6 bullfrogs
  A gnoll sergeant (D:7)
  2 scorpions
  2 howler monkeys
  2 crimson imps
  2 bullfrog zombies
  3 orc priests
  A jelly (D:7)
  2 bullfrog skeletons
  A centaur skeleton (D:9)
  2 hounds
  3 iguanas
  Natasha (D:1)
  5 orc wizards
  7 worker ants
  A killer bee zombie (D:5)
  2 worker ant zombies
  8 adders
  9 gnolls (D:7)
  A howler monkey skeleton (D:7)
  An ooze (D:3)
  2 worms
  A dart slug (D:3)
  7 leopard geckos
  30 orcs
  3 giant cockroaches
  9 goblins
  6 hobgoblins
  15 jackals
  18 kobolds
  A quokka (D:7)
  A ball python (D:3)
  5 bats
  4 frilled lizards
  A jackal skeleton (D:4)
  A jackal zombie (D:8)
  2 quokka zombies
  6 rats
200 creatures vanquished.

Vanquished Creatures (others)
  A plant (D:8)
1 creature vanquished.

Grand Total: 201 creatures vanquished

Notes
Turn   | Place    | Note
-------+----------+-------------------------------------------
     0 | D:1      | Kriby the Merfolk Skald began the quest for the Orb.
     0 | D:1      | Reached XP level 1. HP: 16/16 MP: 3/3
   323 | D:1      | Reached XP level 2. HP: 19/22 MP: 5/5
   824 | D:1      | Reached skill level 4 in Polearms
  1024 | D:2      | Noticed Natasha
  1042 | D:1      | Killed Natasha
  1042 | D:1      | Reached XP level 3. HP: 18/27 MP: 6/6
  1062 | D:1      | Reached skill level 5 in Polearms
  1396 | D:2      | Reached XP level 4. HP: 33/33 MP: 7/7
  1494 | D:2      | Found a stormy altar of Qazlal.
  1519 | D:2      | Became a worshipper of Qazlal Stormbringer
  2443 | D:3      | Reached skill level 6 in Polearms
  2896 | D:3      | Reached XP level 5. HP: 14/38 MP: 8/8
  3231 | D:3      | Reached * piety under Qazlal
  3633 | D:4      | Reached skill level 7 in Polearms
  3633 | D:4      | Reached skill level 5 in Dodging
  3633 | D:4      | Reached XP level 6. HP: 38/44 MP: 9/9
  3989 | D:4      | Reached skill level 8 in Polearms
  4218 | D:4      | Noticed Menkaure
  4228 | D:4      | Killed Menkaure
  4228 | D:4      | Reached skill level 9 in Polearms
  4228 | D:4      | Reached XP level 7. HP: 23/50 MP: 10/10
  4717 | D:5      | Entered Level 5 of the Dungeon
  5985 | D:5      | Reached ** piety under Qazlal
  5985 | D:5      | Reached skill level 10 in Polearms
  6499 | D:6      | Reached XP level 8. HP: 45/56 MP: 11/11
  6674 | D:6      | Noticed whodunnit's ghost (novice DrCK)
  6702 | D:6      | Killed whodunnit's ghost
  6702 | D:6      | Reached skill level 12 in Polearms
  6981 | D:6      | Found a staircase to the Ecumenical Temple.
  7474 | D:6      | Reached XP level 9. HP: 56/61 MP: 12/12
  7702 | D:7      | Reached skill level 13 in Polearms
  7705 | D:7      | Found a flagged portal.
  7740 | D:7      | Reached skill level 1 in Invocations
  7882 | Bailey   | Entered a bailey
  8007 | Bailey   | Reached *** piety under Qazlal
  8573 | Bailey   | Found an iron altar of Okawaru.
  8588 | Bailey   | Got a pair of scorched gloves
  8589 | Bailey   | Identified the +4 pair of gloves of Negation {+Blink rF+ rN++ Dex-3} (You found it in a bailey)
  8714 | D:7      | Reached skill level 1 in Shields
  9526 | D:8      | Noticed a two-headed ogre
  9538 | D:8      | Killed a two-headed ogre
  9538 | D:8      | Reached skill level 10 in Dodging
  9538 | D:8      | Reached XP level 10. HP: 66/67 MP: 0/13
  9544 | D:8      | Reached skill level 5 in Shields
  9680 | D:8      | Noticed htuhola's ghost (novice DEFE)
  9744 | D:8      | Killed htuhola's ghost
  9744 | D:8      | Reached skill level 5 in Invocations
 10109 | D:8      | Found a staircase to the Lair.
 10221 | D:8      | Noticed a two-headed ogre
 10243 | D:8      | Killed a two-headed ogre
 10529 | D:9      | Found Fifokhleo's Armour Shoppe.
 10533 | D:9      | Bought a +4 chain mail of poison resistance for 399 gold pieces
 10693 | D:9      | Reached skill level 1 in Armour
 11205 | D:9      | You fall through a shaft for 3 floors!
 11230 | D:12     | Noticed htuhola's ghost (journeyman DDFi)
 11266 | D:12     | Killed htuhola's ghost
 11266 | D:12     | Reached XP level 11. HP: 47/72 MP: 15/15
 11392 | D:12     | Noticed a red ugly thing
 11418 | D:12     | Killed a red ugly thing
 11466 | D:12     | Noticed a six-headed hydra
 11468 | D:12     | Noticed a manticore
 11478 | D:11     | Noticed Erolcha
 11494 | D:11     | Killed from afar by an electric eel

Vault maps used:
D:1:      dpeg_arrival_windows_large_door
D:2:      overflow_temple_1_default, minmay_misc_feat_plants, uniq_natasha
D:4:      kennysheep_small_spiral, uniq_menkaure
D:5:      first_ration, kennysheep_generic_room_12
D:6:      minmay_temple_entry_trees, kennysheep_doodads, minmay_misc_feat_chi
D:7:      lightli_bailey_entry_fortress, the_bakery
D:8:      david_lair_shrubbed
D:9:      serial_shops, shop_statue, minmay_item_behind_shaft
D:11:     serial_shops, shop, shop, nrook_mini_vaults, hangedman_decor_opposing,
          kennysheep_island_fort, uniq_erolcha
D:12:     minmay_orc_entry_temple_small, portal_ice_cave_rime,
          kennysheep_generic_room_4
Bailey:   bailey_axe_3, bailey

Skill      XL: |  1  2  3  4  5  6  7  8  9 10 |
---------------+-------------------------------+-----
Dodging        | 3 4 5 6 7 8 10 11 | 11.6
Polearms       | 4 5 6 7 9 10 12 13 | 13.8
Invocations    | 4 6 |  6.3
Shields        | 4 7 |  7.8
Armour         | 2 |  2.5
Fighting       | |  2.1
Spellcasting   | |  2.0
Charms         | |  3.2

Action                   |  1- 3 |  4- 6 |  7- 9 | 10-12 || total
-------------------------+-------+-------+-------+-------++-------
Melee: Spear             |   123 |   149 |       |       ||   272
       Trident           |       |   100 |   481 |   340 ||   921
       Tailslap          |       |       |     5 |       ||     5
Invok: Upheaval          |       |       |     3 |     2 ||     5
Evoke: Wand              |       |       |     2 |     1 ||     3
  Use: Potion            |     4 |       |     5 |     4 ||    13
       Scroll            |       |       |    10 |     5 ||    15
 Stab: Sleeping          |     1 |       |       |       ||     1
       Paralysed         |       |       |     2 |     6 ||     8
  Eat: Chunk             |     1 |     5 |    14 |     6 ||    26
       Ration            |       |     1 |     2 |       ||     3
Armor: Leather armour    |     9 |       |       |       ||     9
       Ring mail         |    24 |    74 |    56 |    31 ||   185
       Chain mail        |       |       |       |    19 ||    19
       Skin              |       |       |       |     5 ||     5
Dodge: Dodged            |    57 |   124 |   166 |    50 ||   397
Block: Other             |       |     3 |    22 |       ||    25
       Large shield      |       |       |    61 |   218 ||   279

Table legend:
 A = Spawn XP
 B = Non-spawn XP
 C = Spawn XP percentage of total XP
 D = Spawn monster count
 E = Non-spawn monster count
 F = Spawn count percentage of total count
 G = Total turns spent on level
                    A         B        C        D         E        F      G
               +---------+---------+-------+---------+---------+-------+---------
         Total |       0 |   10637 |   0.0 |       0 |     200 |   0.0 | 11494
               +---------+---------+-------+---------+---------+-------+---------
           D:1 |       0 |      70 |   0.0 |       0 |      16 |   0.0 |  1236
           D:2 |       0 |      56 |   0.0 |       0 |      22 |   0.0 |  1361
           D:3 |       0 |     117 |   0.0 |       0 |      26 |   0.0 |  1096
           D:4 |       0 |     548 |   0.0 |       0 |      10 |   0.0 |  1465
           D:5 |       0 |     362 |   0.0 |       0 |      17 |   0.0 |  1533
           D:6 |       0 |    1203 |   0.0 |       0 |      11 |   0.0 |   912
           D:7 |       0 |     959 |   0.0 |       0 |      29 |   0.0 |  1062
           D:8 |       0 |    4088 |   0.0 |       0 |      30 |   0.0 |  1156
           D:9 |       0 |     508 |   0.0 |       0 |      14 |   0.0 |   629
          D:12 |       0 |    2322 |   0.0 |       0 |       9 |   0.0 |   273
        Bailey |       0 |     404 |   0.0 |       0 |      16 |   0.0 |   755
               +---------+---------+-------+---------+---------+-------+---------
